 Dungeon Crawl Stone Soup version 0.30.0-19-g36f170ea60 (webtiles) character file.

Game seed: 15567074004572619945

2622 monsoonserge the Cleaver (level 9, -6/79 HPs)
             Began as a Hill Orc Fighter on May 30, 2023.
             Was an Initiate of Makhleb.
             Mangled by a troll (13 damage)
             ... on level 7 of the Dungeon.
             The game lasted 00:19:31 (6153 turns).

monsoonserge the Cleaver (Hill Orc Fighter)         Turns: 6153, Time: 00:19:32

Health: -6/79      AC: 13    Str: 23    XL:     9   Next: 60%
Magic:  9/9        EV: 11    Int:  8    God:    Makhleb [......]
Gold:   316        SH:  4    Dex: 10    Spells: 8/8 levels left

rFire   . . .        b - +0 war axe (elec)
rCold   + . .        c - +0 buckler
rNeg    + + .        D - +3 leather armour {rN+}
rPois   .            r - +1 helmet
rElec   .            w - scarf {repulsion}
rCorr   .            I - +0 pair of gloves of Kinn {-Cast +Blink rC+ Slay+5}
SInv    .            C - +2 pair of boots
Will    .....        (no amulet)
Stlth   +            H - ring of positive energy
HPRegen 0.33/turn    (no ring)
MPRegen 0.11/turn

%: no spellcasting, repel missiles
@: mighty
A: no striking features
a: Renounce Religion, Evoke Blink


You were on level 7 of the Dungeon.
You worshipped Makhleb.
Makhleb was noncommittal.
You visited 1 branch of the dungeon, and saw 7 of its levels.

You collected 316 gold pieces.

Inventory:

Hand Weapons
 a - the +9 short sword of the Extremes {chaos, Int+3}
   (You found it on level 3 of the Dungeon)

   Int:       It affects your intelligence (+3).
 b - a +0 war axe of electrocution (weapon)
Missiles
 t - 12 poisoned darts (quivered)
 y - 2 javelins
Armour
 c - a +0 buckler (worn)
 r - a +1 helmet (worn)
 v - a +0 chain mail
 w - a scarf of repulsion (worn)
 C - a +2 pair of boots (worn)
 D - a +3 leather armour of positive energy (worn)
 E - a +0 leather armour of fire resistance
 I - the +0 pair of gloves of Kinn (worn) {-Cast +Blink rC+ Slay+5}
   (You found it on level 7 of the Dungeon)

   Slay:      It affects your accuracy & damage with ranged weapons and melee
   (+5).
   rC:        It protects you from cold.
   +Blink:    It lets you blink.
   -Cast:     It prevents spellcasting.
Magical Staves
 z - a staff of air
Jewellery
 H - a ring of positive energy (left hand)
Scrolls
 e - 2 scrolls of vulnerability
 j - 2 scrolls of fear
 n - a scroll of noise {unknown}
 p - 2 scrolls of enchant armour
 s - a scroll of butterflies {unknown}
 u - 7 scrolls of identify
 x - a scroll of blinking {unknown}
 F - a scroll of amnesia {unknown}
Potions
 f - a potion of mutation {unknown}
 g - 2 potions of brilliance {unknown}
 h - 2 potions of curing
 i - 2 potions of haste {unknown}
 l - a potion of attraction {unknown}
 m - a potion of flight {unknown}
 o - 2 potions of cancellation {unknown}
 q - 4 potions of degeneration {unknown}
 A - a potion of lignification {unknown}
 B - 2 potions of heal wounds {unknown}
 G - 2 potions of resistance {unknown}


   Skills:
 + Level 7.1 Fighting
 + Level 11.7 Axes
 + Level 2.8 Throwing
 + Level 6.8 Armour
 + Level 2.0 Dodging
 - Level 1.0 Stealth
 - Level 4.0 Shields
 * Level 1.5 Evocations


You had 8 spell levels left.
You didn't know any spells.
Your spell library contained the following spells:

 Spells                   Type           Power      Damage    Failure   Level
 Frozen Ramparts          Ice            0%         1d1       87%         3
 Ice Form                 Ice/Tmut       0%         N/A       99%         4
 Summon Ice Beast         Ice/Summ       0%         N/A       99%         4


Dungeon Overview and Level Annotations

Branches:
Dungeon (7/15)
 Temple: D:4-7

Altars:
Fedhas
Makhleb
Okawaru
Trog
Uskayaw
Wu Jian
Zin

Shops:
D:2 ?   D:4 [   D:6 [


Message History

The slime creature closely misses you.
The slime creature hits you but does no damage.
You feel very mighty all of a sudden. The slime creature hits you!
The skeletal warrior hits you from afar with a +0 glaive!
You slash the slime creature!
Lightning courses through the slime creature!!
The slime creature is severely wounded.
The skeletal warrior closely misses you.
The slime creature closely misses you.
You hit the troll.
The troll is lightly wounded.
You slash the slime creature!
The slime creature hits you but does no damage.
The skeletal warrior hits you from afar with a +0 glaive!
The troll bites you! The troll claws you. The troll barely misses you.
Okay, then.
You fail to use your ability.
The skeletal warrior hits you from afar with a +0 glaive!
* * * LOW HITPOINT WARNING * * *
The slime creature hits you but does no damage.
The troll bites you but does no damage. The troll claws you but does no damage.
The troll claws you.
* * * LOW HITPOINT WARNING * * *
You blink.
You slice the troll!!
The troll is severely wounded.
You feel stable enough to blink again. The troll barely misses you.
The troll claws you but does no damage. The troll claws you.
* * * LOW HITPOINT WARNING * * *
You hit the troll.
The troll is severely wounded.
The troll closely misses you. The troll claws you but does no damage.
The troll claws you.
* * * LOW HITPOINT WARNING * * *
You completely miss the troll.
The troll is severely wounded.
The troll bites you!
You die...

# #. # . .#
#######..# #....@...#
... #..JT##### ...
.⌠.z #....##..# ..#
.Y.# #...z....###.#
#.# #........##..##
##.##
##...##J.##...## .).
#...##.z##....## #.#.
.....#..##.....###.##
#z.##=..#...T...


You could see a skeletal warrior, a slime creature and a troll.

Vanquished Creatures
  A troll (D:7)
  Eustachio (D:6)
  2 steam dragons
  A water moccasin (D:6)
  An ice beast (D:6)
  An orc warrior (D:7)
  2 black bears
  A centaur (D:6)
  3 ogres
  3 bullfrogs
  Blork the orc (D:5)
  4 wights
  A howler monkey (D:6)
  5 hounds
  An orc priest (D:4)
  Jessica (D:2)
  4 iguanas
  Terence (D:3)
  3 orc wizards
  Robin (D:2)
  7 gnolls
  7 adders
  4 shadow imps
  3 white imps
  2 ufetubi
  A worm (D:4)
  A dart slug (D:4)
  18 orcs
  4 bats
  6 endoplasms
  A giant cockroach (D:1)
  11 goblins
  8 hobgoblins
  13 jackals
  3 quokkas
  4 ball pythons
  2 frilled lizards
  10 kobolds
  A rat (D:3)
144 creatures vanquished.

Vanquished Creatures (others)
  An orc (D:6)
1 creature vanquished.

Grand Total: 145 creatures vanquished

Notes
Turn   | Place    | Note
-------+----------+-------------------------------------------
     0 | D:1      | monsoonserge the Hill Orc Fighter began the quest for the
                  | Orb.
     0 | D:1      | Reached XP level 1. HP: 19/19 MP: 1/1
   123 | D:1      | Reached XP level 2. HP: 27/27 MP: 2/2
   742 | D:2      | Noticed Jessica
   749 | D:2      | HP: 1/27 [frozen (3)]
   751 | D:2      | Killed Jessica
   752 | D:2      | Reached skill level 3 in Axes
   752 | D:2      | Reached XP level 3. HP: 2/33 MP: 3/3
  1089 | D:2      | Reached skill level 4 in Axes
  1144 | D:2      | Noticed Robin
  1148 | D:2      | Reached XP level 4. HP: 36/40 MP: 4/4
  1160 | D:2      | Killed Robin
  1420 | D:2      | Found The Oracle's Delphic Readings.
  1531 | D:2      | Reached skill level 5 in Axes
  1531 | D:2      | Reached XP level 5. HP: 16/46 MP: 5/5
  1716 | D:3      | Identified the +9 short sword of the Extremes {chaos,
                  | Int+3}
  1869 | D:3      | HP: 2/47 [gnoll/+0 spear (5)]
  2097 | D:3      | Reached skill level 6 in Axes
  2100 | D:3      | Reached XP level 6. HP: 20/53 MP: 6/6
  2239 | D:3      | Noticed Terence
  2246 | D:3      | Killed Terence
  2735 | D:4      | Noticed a black bear
  2742 | D:4      | Killed a black bear
  2743 | D:4      | Reached skill level 7 in Axes
  2743 | D:4      | Reached skill level 5 in Armour
  2743 | D:4      | Reached XP level 7. HP: 58/60 MP: 7/7
  2823 | D:4      | Found Osobo Jod's Armour Boutique.
  3126 | D:4      | Reached skill level 5 in Fighting
  3284 | D:5      | Entered Level 5 of the Dungeon
  3467 | D:5      | Reached skill level 8 in Axes
  4057 | D:5      | Noticed Blork the orc
  4063 | D:5      | Killed Blork the orc
  4064 | D:5      | Reached XP level 8. HP: 63/68 MP: 8/8
  4078 | D:5      | Reached skill level 1 in Throwing
  4107 | D:5      | Reached skill level 9 in Axes
  4754 | D:6      | Noticed Eustachio
  4773 | D:6      | Killed Eustachio
  4823 | D:6      | Found a burning altar of Makhleb.
  4890 | D:6      | Found an iron altar of Okawaru.
  4915 | D:6      | Became a worshipper of Makhleb the Destroyer
  4997 | D:5      | Reached skill level 10 in Axes
  5133 | D:6      | Found a hide-covered altar of Uskayaw.
  5145 | D:6      | Reached skill level 1 in Dodging
  5145 | D:6      | Reached XP level 9. HP: 53/75 MP: 9/9
  5423 | D:6      | Found Meammyergh's Antique Armour Emporium.
  5438 | D:6      | Found a bloodstained altar of Trog.
  5610 | D:6      | Found a blossoming altar of Fedhas.
  5675 | D:6      | Reached skill level 11 in Axes
  5707 | D:6      | Found a glowing silver altar of Zin.
  5824 | D:7      | Identified the +0 pair of gloves of Kinn {-Cast +Blink rC+
                  | Slay+5}
  5895 | D:7      | Noticed a troll
  5898 | D:7      | Noticed a skeletal warrior
  5901 | D:7      | Killed a troll
  5901 | D:7      | Noticed a gargoyle
  5902 | D:7      | Reached skill level 1 in Stealth
  5902 | D:7      | Reached skill level 1 in Evocations
  5935 | D:7      | Noticed a troll
  5951 | D:7      | Found an ornate altar of the Wu Jian Council.
  6153 | D:7      | Mangled by a troll

Illustrated notes

Levels and vault maps discovered:
D:1:      dpeg_arrival_rhombi, layout_rooms
D:2:      layout_basic, nicolae_nh_oracle_at_delphi, uniq_robin, uniq_jessica
D:3:      layout_rooms, serial_curves, eino_curves_03, eino_curves_01,
          uniq_terence
D:4:      layout_loops_ring, serial_shops, nicolae_lakefront_shop
D:5:      layout_layer_cave, uniq_blork_the_orc
D:6:      layout_basic, overflow_temple_1_default, lemuel_tele_altar,
          eat_drink_and_be_merry_uskayaw, kennysheep_mini, marbit_many_paths,
          okawaru_gym_becter, serial_shops, nicolae_diamond_shop, uniq_eustachio
D:7:      minmay_the_grid_octo_triangle [minmay_the_grid_octo_thin_diamonds,
          minmay_the_grid_octo_prize_square_snowflake,
          minmay_the_grid_octo_fan_narrow], layout_gridville,
          kennysheep_little_box, minmay_temple_entry_overgrown, enter_bailey_5,
          minmay_door_square, kennysheep_pointless_box

Skill      XL: |  1  2  3  4  5  6  7  8  9 |
---------------+----------------------------+-----
Fighting       | 4 5 6 7 |  7.1
Axes           | 3 4 5 6 7 8 10 11 | 11.7
Armour         | 4 5 6 |  6.8
Throwing       | 2 |  2.8
Shields        | 4 |  4.0
Dodging        | 1 2 |  2.0
Stealth        | 1 |  1.0
Evocations     | 1 |  1.5

Action                     |  1- 3 |  4- 6 |  7- 9 || total
---------------------------+-------+-------+-------++-------
  Melee: War axe           |    60 |   140 |   222 ||   422
  Throw: Dart              |       |     4 |    22 ||    26
Ability: Evoke Blink       |       |       |     1 ||     1
    Use: Potion            |       |     1 |     1 ||     2
         Scroll            |       |       |     5 ||     5
   Stab: Sleeping          |       |       |     1 ||     1
 Armour: Scale mail        |    35 |    32 |       ||    67
         Chain mail        |       |    72 |    50 ||   122
         Leather armour    |       |       |    50 ||    50
  Dodge: Dodged            |    27 |    86 |   104 ||   217
         Repelled          |       |       |     3 ||     3
  Block: Buckler           |    12 |    30 |    47 ||    89
